 Dungeon Crawl Stone Soup version 0.24.0-13-gcf9b319 (webtiles) character file.

Game seed: 12724350545759893596, levelgen mode: deterministic

24 AgonHex the Skirmisher (level 3, 0/20 HPs)
             Began as a Vine Stalker Berserker on May 16, 2020.
             Was a Follower of Trog.
             Succumbed to a hobgoblin's poison
             ... on level 1 of the Dungeon.
             The game lasted 00:02:58 (721 turns).

AgonHex the Skirmisher (Vine Stalker Berserker)      Turns: 721, Time: 00:02:59

Health: 0/20       AC:  5    Str: 20    XL:     3   Next: 2%
Magic:  1/4        EV: 11    Int:  7    God:    Trog [*.....]
Gold:   32         SH:  0    Dex: 13    Spells: 2/2 levels left

rFire    . . .     SeeInvis .   a - +0 dagger
rCold    . . .     Gourm    .   (no shield)
rNeg     . . .     Faith    .   f - +0 ring mail
rPois    .         Spirit   +   (no helmet)
rElec    .         Reflect  .   (no cloak)
rCorr    .         Harm     .   (no gloves)
MR       +....                  (no boots)
Stlth    +.........             (no amulet)
HPRegen  0.06/turn              M - ring of protection from magic
MPRegen  0.09/turn              (no ring)

@: lethally poisoned (0 -> -6), berserk cooldown, slowed, very slow
A: fangs 2, magic shield, antimagic bite, no potion heal 3, rot immunity
a: Berserk, Renounce Religion


You were on level 1 of the Dungeon.
You worshipped Trog.
Trog was aware of your devotion.
You were not hungry.

You visited 1 branch of the dungeon, and saw 1 of its levels.

You collected 32 gold pieces.

Inventory:

Hand Weapons
 a - a +0 dagger (weapon)
Missiles
 Q - 49 stones (quivered)
Armour
 f - a +0 ring mail (worn)
Jewellery
 M - a ring of protection from magic (left hand)
Scrolls
 b - a scroll of remove curse {unknown}
 e - a scroll of amnesia {unknown}
 g - a scroll of enchant armour {unknown}


   Skills:
 + Level 3.2 Fighting
 - Level 2.6 Short Blades
 + Level 2.2 Armour
 - Level 1.5 Dodging


You had 2 spell levels left.
You didn't know any spells.
Your spell library was empty.

Dungeon Overview and Level Annotations

Branches:
Dungeon (1/15)

Altars:


Innate Abilities, Weirdness & Mutations

You have extremely sharp teeth.
When hurt, damage is shared between your health and your magic reserves.
Your bite disrupts and absorbs the magic of your enemies.
Potions cannot restore your health.
You are immune to rotting.


Message History

You hit the kobold.
You kill the kobold!
You have reached level 3!
Your experience leads to an increase in your attributes!
Increase (S)trength, (I)ntelligence, or (D)exterity?
You feel stronger.
It was a potion of berserk rage.
A red film seems to cover your vision as you go berserk!
You feel yourself moving faster!
You feel mighty!
* * * LOW HITPOINT WARNING * * *
You feel sick.
You now have 1/30 hp.
There is a lethal amount of poison in your body!
You eat the ration.
That ration really hit the spot!
You feel a strong urge to attack something.
You feel your anger nearly subside.
You are no longer berserk.
You are exhausted.
You feel yourself slow down.
You now have 1/20 hp.
You die...

# #. . #. #.
..#'#####. #.
....>...... #.
..........## #.
............#
#.######.............#
#......#......######.#
#.)..@...# #####.##
#.)......# #.......
#........# #.......
#.(......# #.......
#........# #.......
#........# #.......
##.##############.....
#†# #......##........
#(# #......##........


There were no monsters in sight!

Levels and vault maps discovered:
D:1:      scummos_arrival_star, layout_basic

Notes
Turn   | Place    | Note
-------+----------+-------------------------------------------
     0 | D:1      | AgonHex the Vine Stalker Berserker began the quest for the
                  | Orb.
     0 | D:1      | Reached XP level 1. HP: 11/11 MP: 2/2
    29 | D:1      | Identified a +0 dagger
    40 | D:1      | Identified a +0 club
    45 | D:1      | HP: 2/11 [frilled lizard (1)]
    76 | D:1      | HP: 1/11 [bat (1)]
   145 | D:1      | Identified a +0 robe
   151 | D:1      | HP: 2/11 [kobold/stone (1)]
   156 | D:1      | HP: 1/11 [kobold/stone (1)]
   183 | D:1      | Identified a +0 ring mail (You found it on level 1 of the
                  | Dungeon)
   523 | D:1      | Reached XP level 2. HP: 16/16 MP: 3/3
   536 | D:1      | Reached skill level 3 in Fighting
   578 | D:1      | Identified a cursed -1 dagger
   585 | D:1      | Reached skill level 2 in Armour
   588 | D:1      | Identified a ring of protection from magic (You found it on
                  | level 1 of the Dungeon)
   700 | D:1      | Identified a +0 short sword
   706 | D:1      | Identified a +0 club
   713 | D:1      | HP: 4/16 [poisoned by a hobgoblin]
   715 | D:1      | HP: 1/16 [poisoned by a hobgoblin]
   716 | D:1      | Reached XP level 3. HP: 1/20 MP: 1/4
   717 | D:1      | Identified a potion of berserk rage
   721 | D:1      | Succumbed to a hobgoblin's poison

Table legend:
 A = Turns spent in this place as a percentage of turns spent in the entire game.
 B = Non-inter-level travel turns spent in this place as a percentage of non-inter-level travel turns spent in the entire game.
 C = Inter-level travel turns spent in this place as a percentage of turns spent in this place.
 D = Turns resting spent in this place as a percentage of non-inter-level travel turns spent in this place.
 E = Turns spent auto-exploring this place as a percentage of non-inter-level travel turns spent in this place.
 F = Non-inter-level travel turns spent in this place divided by the number of levels of this place that you've seen.
                   A       B       C       D       E      F
               +-------+-------+-------+-------+-------+----------------------
         Total | 100.0 | 100.0 |   0.0 |  10.0 |  64.6 | 721.0
       Dungeon | 100.0 | 100.0 |   0.0 |  10.0 |  64.6 | 721.0
               +-------+-------+-------+-------+-------+----------------------

Table legend:
 A = Kills in this place as a percentage of kills in entire the game.
 B = Kills by you in this place as a percentage of kills by you in the entire game.
 C = Kills by friends in this place as a percentage of kills by friends in the entire game.
 D = Other kills in this place as a percentage of other kills in the entire game.
 E = Experience gained in this place as a percentage of experience gained in the entire game.
 F = Experience gained in this place divided by the number of levels of this place that you have seen.
                   A       B       C       D       E      F
               +-------+-------+-------+-------+-------+----------------------
         Total | 100.0 | 100.0 |   N/A |   N/A | 100.0 |  35.0
       Dungeon | 100.0 | 100.0 |   N/A |   N/A | 100.0 |  35.0
               +-------+-------+-------+-------+-------+----------------------

Skill      XL: |  1  2 |
---------------+-------+-----
Fighting       | 3 |  3.2
Armour         | 2 |  2.2
Short Blades   | |  2.6
Dodging        | |  1.5

Action                   || total
-------------------------++-------
Melee: Short sword       ||    20
       Bite              ||    22
       Dagger            ||    47
Throw: Stone             ||     3
Invok: Berserk           ||     2
  Use: Potion            ||     1
  Eat: Ration            ||     1
Armor: Animal skin       ||     5
       Ring mail         ||    10
Dodge: Dodged            ||    52

Vanquished Creatures
  A ball python (D:1)
  A giant cockroach (D:1)
  3 goblins (D:1)
  3 hobgoblins (D:1)
  4 jackals (D:1)
  2 bats (D:1)
  A frilled lizard (D:1)
  4 kobolds (D:1)
  2 rats (D:1)
21 creatures vanquished.
